 Dungeon Crawl Stone Soup version 0.31-a0-175-g9f7f995f2b (webtiles) character file.

Game seed: 8929070912346407261

16 qw the Shooter (level 2, -4/26 HPs)
             Began as a Naga Hunter on June 17, 2023.
             Slain by a gnoll
             ... wielding a +0 flail
              (6 damage)
             ... on level 2 of the Dungeon.
             The game lasted 00:00:11 (607 turns).

qw the Shooter (Naga Hunter)                         Turns: 607, Time: 00:00:11

Health: -4/26      AC:  2    Str: 13    XL:     2   Next: 54%
Magic:  0/2        EV:  9    Int:  9    God:
Gold:   33         SH:  0    Dex: 14    Spells: 1/1 levels left

rFire   . . .        Y - +0 shortbow
rCold   . . .        (shield currently unavailable)
rNeg    . . .        c - +0 leather armour
rPois   +            (no helmet)
rElec   .            (no cloak)
rCorr   .            (no gloves)
SInv    +            (no barding)
Will    .....        g - amulet of guardian spirit
Stlth   ++           (no ring)
HPRegen 0.24/turn    (no ring)
MPRegen 0.08/turn

%: guardian spirit
@: short of breath, very slow
A: AC +0, large, see invisible, deformed body, poison resistance, slowness 2,
spit poison 1, naga tail 1
a: Spit Poison


You were on level 2 of the Dungeon.
You visited 1 branch of the dungeon, and saw 2 of its levels.

You collected 33 gold pieces.


Innate Abilities, Weirdness & Mutations

Your serpentine skin is tough. (AC +0)
You have supernaturally acute eyesight. (SInv)
Armour fits poorly on your strangely shaped body.
Your system is resistant to poisons. (rPois)
You cover ground very slowly.
You can spit poison.
You have a snake-like lower body.


   Skills:
 - Level 2.0 Fighting
 + Level 4.2 Ranged Weapons
 - Level 1.5 Dodging
 - Level 1.5 Stealth


You had one spell level left.
You didn't know any spells.
Your spell library was empty.

Inventory:

Hand Weapons
 Y - a +0 shortbow (weapon)
Armour
 c - a +0 leather armour (worn)
Jewellery
 g - an amulet of guardian spirit (around neck)

Dungeon Overview and Level Annotations

Branches:
Dungeon (2/15)

Altars:


Message History

The arrow hits the endoplasm but does no damage.
The endoplasm is moderately wounded.
You shoot an arrow. The arrow barely misses the endoplasm.
You shoot an arrow. The arrow hits the endoplasm.
You kill the endoplasm!
You now have 33 gold pieces (gained 13).
A gnoll comes into view. It is wielding a +0 flail.
The gnoll shouts!
You hear a shout!
The gnoll moves out of view.
601 ||| INVOKING Spit Poison.
Aiming: Spit Poison (2% risk of failure)
Press: ? - help, Shift-Dir - straight line, f - gnoll The splash of poison hits the gnoll.
The gnoll is poisoned.
The gnoll is lightly wounded.
You hear a shout!
A gnoll comes into view. It is wielding a +0 club.
You shoot an arrow. The arrow closely misses the gnoll.
A hobgoblin comes into view.
A gnoll comes into view. It is wielding a +0 club.
The gnoll barely misses you.
You shoot an arrow. The arrow hits the gnoll.
The gnoll is moderately wounded.
You shoot an arrow. The arrow hits the gnoll.
The gnoll is moderately wounded.
A ball python comes into view.
You shoot an arrow. The arrow closely misses the gnoll.
The ball python hisses angrily.
The gnoll completely misses you. The gnoll hits you with a +0 flail!
You shoot an arrow. The arrow hits the gnoll.
The gnoll is almost dead.
You have got your breath back.
The gnoll hits you with a +0 club! The gnoll hits you with a +0 flail. x2
The gnoll hits you with a +0 club.
607 ||| INVOKING Spit Poison.
Aiming: Spit Poison (2% risk of failure)
Press: ? - help, Shift-Dir - straight line, f/p - gnoll The splash of poison hits the gnoll.
The gnoll is poisoned.
You kill the gnoll!
The gnoll looks more healthy.
The gnoll hits you with a +0 flail.
You die... ############## #@)..........# #g##########.# #g# #.# Sg.

#.# ##..
#######.#####
....
.............
....
#.#####.####<
..... #.# ##
#.#


You could see 2 gnolls, a hobgoblin and a ball python.

Vanquished Creatures
  A gnoll (D:2)
  5 endoplasms
  3 giant cockroaches (D:1)
  2 goblins (D:1)
  A quokka (D:1)
  A frilled lizard (D:1)
13 creatures vanquished.

Notes
Turn   | Place    | Note
-------+----------+-------------------------------------------
     0 | D:1      | qw the Naga Hunter began the quest for the Orb.
     0 | D:1      | Reached XP level 1. HP: 19/19 MP: 1/1
     0 | D:1      | 0 ||| qw: Version: 0.3-a-2-g5ab2908
     0 | D:1      | 0 ||| qw: Game counter: 251
     0 | D:1      | 0 ||| qw: Always use a shield: true
     0 | D:1      | 0 ||| qw: God list: Okawaru
     0 | D:1      | 0 ||| qw: Allow faded altars: false
     0 | D:1      | 0 ||| qw: Do Orc after D:15 true
     0 | D:1      | 0 ||| qw: Do second Lair branch before Depths: true
     0 | D:1      | 0 ||| qw: Lair rune preference: random
     0 | D:1      | 0 ||| qw: Plans: Normal
     0 | D:1      | 0 ||| PLANNING D:1-11
    14 | D:1      | 14 ||| INVOKING Spit Poison.
   111 | D:1      | 111 ||| INVOKING Spit Poison.
   159 | D:1      | Reached skill level 4 in Ranged Weapons
   159 | D:1      | Reached XP level 2. HP: 26/26 MP: 2/2
   172 | D:1      | 172 ||| INVOKING Spit Poison.
   175 | D:1      | 175 ||| INVOKING Spit Poison.
   240 | D:1      | 240 ||| INVOKING Spit Poison.
   415 | D:1      | 415 ||| INVOKING Spit Poison.
   539 | D:1      | 539 ||| UPGRADING to amulet of guardian spirit.
   544 | D:1      | 544 ||| READING scroll labelled TEETTO IVI IMUC.
   545 | D:1      | 545 ||| READING scroll labelled ZOUTEU SIYGG.
   546 | D:1      | 546 ||| READING scroll labelled SIAJAG DIPOLIH.
   547 | D:1      | 547 ||| READING scroll labelled OPOIBIRPHAT.
   548 | D:1      | 548 ||| DROPPING scroll of butterflies.
   601 | D:2      | 601 ||| INVOKING Spit Poison.
   606 | D:2      | HP: 4/26 [gnoll/+0 flail (5)]
   607 | D:2      | 607 ||| INVOKING Spit Poison.
   607 | D:2      | Slain by a gnoll

Levels and vault maps discovered:
D:1:      lightli_iron_boxes, layout_loops_ring
D:2:      layout_basic

Skill      XL: |  1 |
---------------+----+-----
Ranged Weapons | 4 |  4.2
Fighting       | |  2.0
Dodging        | |  1.5
Stealth        | |  1.5

Action                     || total
---------------------------++-------
   Fire: Shortbow          ||    28
Ability: Spit Poison       ||     8
    Use: Scroll            ||     4
 Armour: Leather armour    ||     3
  Dodge: Dodged            ||     4

Table legend:
 A = Non-vault XP
 B = Vault XP
 C = Vault XP percentage of total XP
 D = Non-vault monster count
 E = Vault monster count
 F = Vault count percentage of total count
                 A         B        C        D         E       F
            +---------+---------+-------+---------+---------+-------
      Total |      37 |       0 |   0.0 |      13 |       0 |   0.0
            +---------+---------+-------+---------+---------+-------
        D:1 |      21 |       0 |   0.0 |      11 |       0 |   0.0
        D:2 |      16 |       0 |   0.0 |       2 |       0 |   0.0
            +---------+---------+-------+---------+---------+-------
